 Dungeon Crawl Stone Soup version 0.28.0-1-gb440e238dd (webtiles) character file.

Game seed: 14964760505158819788

29 pkoi the Gusty (level 3, 0/26 HPs)
             Began as a Draconian Air Elementalist on Feb 27, 2022.
             Succumbed to an adder's poison
             ... on level 2 of the Dungeon.
             The game lasted 00:02:02 (1912 turns).

pkoi the Gusty (Draconian Air Elementalist)         Turns: 1912, Time: 00:02:02

Health: 0/26       AC:  5    Str: 10    XL:     3   Next: 1%
Magic:  1/6        EV: 12    Int: 17    God:
Gold:   47         SH:  0    Dex: 11    Spells: 5/6 levels left

rFire   . . .      SeeInvis .   b - +0 mace
rCold   . . .      Faith    .   (no shield)
rNeg    . . .      Spirit   .   (armour unavailable)
rPois   .          Reflect  .   (helmet restricted)
rElec   .          Harm     .   (no cloak)
rCorr   .          Rampage  .   (no gloves)
Will    .....                   (no boots)
Stlth   ++........              (no amulet)
HPRegen 0.08/turn               (no ring)
MPRegen 0.10/turn               (no ring)

@: lethally poisoned (0 -> -3)
A: AC +5, unfitting armour, cold-blooded
a: no special abilities


You were on level 2 of the Dungeon.
You visited 1 branch of the dungeon, and saw 2 of its levels.

You collected 47 gold pieces.

Inventory:

Hand Weapons
 b - a +0 mace (weapon)
Scrolls
 a - a scroll of vulnerability {unknown}
 c - a scroll of magic mapping {unknown}
 d - 2 scrolls of teleportation {unknown}
Potions
 e - 2 potions of curing {unknown}


   Skills:
 - Level 1.7 Dodging
 - Level 1.7 Stealth
 - Level 2.0 Spellcasting
 - Level 1.0 Conjurations
 + Level 4.2 Air Magic


You had 5 spell levels left.
You knew the following spells:

 Your Spells              Type           Power      Damage    Failure   Level
a - Shock                 Conj/Air       40%        1d5       7%          1

Your spell library contained the following spells:

 Spells                   Type           Power      Damage    Failure   Level
 Static Discharge         Conj/Air       10%        N/A       10%         2
 Swiftness                Air            16%        N/A       11%         3
 Airstrike                Air            8%         N/A       34%         4


Dungeon Overview and Level Annotations

Branches:
Dungeon (2/15)

Altars:


Innate Abilities, Weirdness & Mutations

Your plain brown scales are hard. (AC +5)
You cannot fit into any form of body armour.
You are cold-blooded and may be slowed by cold attacks.


Message History

You are poisoned.
The adder poisons you!
You barely miss the adder.
You tail-slap the adder, but do no damage.
The adder is almost dead.
You feel very sick. The adder barely misses you. x2
You miss the adder.
The adder is almost dead.
You feel sick. The adder barely misses you.
Your magical contamination has completely faded away.
You barely miss the adder. You punch the adder, but do no damage.
The adder is almost dead.
You feel sick. The adder bites you.
* * * LOW HITPOINT WARNING * * *
The adder misses you.
You closely miss the adder.
The adder is almost dead.
You feel sick. The adder bites you but does no damage. The adder misses you.
You closely miss the adder.
The adder is almost dead.
You feel sick.
You are no longer poisoned.
The adder bites you.
* * * LOW HITPOINT WARNING * * *
You are poisoned.
The adder poisons you! The adder bites you.
* * * LOW HITPOINT WARNING * * *
You closely miss the adder.
Your tail-slap misses the adder.
The adder is almost dead.
You feel sick. The adder bites you but does no damage. The adder bites you.
* * * LOW HITPOINT WARNING * * *
You miss the adder.
Your tail-slap misses the adder.
The adder is almost dead.
* * * LOW HITPOINT WARNING * * *
You feel sick. The adder bites you.
* * * LOW HITPOINT WARNING * * *
You hit the adder but do no damage.
The adder is almost dead.
You die...

)# ###.# #.# #....#.# #.#
#.##.#.# ###### #.# #.##.#.#
#....# #.# #.##.#.# #....####.#
#.##.#.######## ####.........#
#.#.#.#.#.#.#.## #............#
#.##.#.#.#.#.#.#
#...###......###@#.#.#.#.#.#.##
...............S>.#.#.#.#.#.#.#
....)........###.#.#.#.#.#.#.####
........########.##.#.#.#.#.#...#
.................#.#.#.#.#.#.##.#
........##....#####.#.#.#.#.#.#.#
..............'....#.#.#.#.#.##.#
......##.#....###.#.#.#.#.#.#.#.#
.#.#####.#....# #..#.#.#.#.#.##.#


You could see an adder.

Vanquished Creatures
  2 worms (D:2)
  A dart slug (D:1)
  3 endoplasms (D:1)
  2 giant cockroaches (D:1)
  A goblin (D:1)
  A hobgoblin (D:1)
  2 jackals (D:2)
  A kobold (D:2)
  3 ball pythons (D:1)
  2 bats (D:1)
  A frilled lizard (D:1)
  2 rats
21 creatures vanquished.

Notes
Turn   | Place    | Note
-------+----------+-------------------------------------------
     0 | D:1      | pkoi the Draconian Air Elementalist began the quest for the
                  | Orb.
     0 | D:1      | Reached XP level 1. HP: 14/14 MP: 3/3
   350 | D:1      | Found a faded altar of an unknown god.
   578 | D:1      | Reached XP level 2. HP: 20/20 MP: 1/5
  1475 | D:2      | Reached skill level 4 in Air Magic
  1870 | D:2      | Reached XP level 3. HP: 22/26 MP: 1/6
  1911 | D:2      | HP: 1/26 [adder (3)]
  1912 | D:2      | Succumbed to an adder's poison

Illustrated notes

Levels and vault maps discovered:
D:1:      evilmike_arrival_rings, layout_loops_ring,
          hellmonk_ecumenical_altar_inner_sanctum, chequers_big_river
D:2:      layout_basic, minivault_23, kennysheep_generic_room_16

Skill      XL: |  1  2 |
---------------+-------+-----
Air Magic      | 4 |  4.2
Dodging        | |  1.7
Stealth        | |  1.7
Spellcasting   | |  2.0
Conjurations   | |  1.0

Action                   || total
-------------------------++-------
Melee: Mace              ||    22
       Unarmed           ||     3
       Tailslap          ||     2
       Punch             ||     1
 Cast: Shock             ||    42
Armor: Skin              ||     6
Dodge: Dodged            ||    20
